 Dungeon Crawl Stone Soup version 0.19-a0-488-gf8766cc (webtiles) character file.

240 Delvonshi the Magician (level 5, -3/32 HPs)
             Began as a High Elf Wizard on June 5, 2016.
             Killed from afar by an orc wizard (8 damage)
             ... with a puff of frost
             ... on level 3 of the Dungeon.
             The game lasted 00:11:15 (4112 turns).

Delvonshi the Magician (High Elf Wizard)            Turns: 4112, Time: 00:11:16

Health: -3/32      AC:  4    Str:  6    XL:     5   Next: 80%
Magic:  5/13       EV:  7    Int: 22    God:
Gold:   167        SH:  0    Dex: 14    Spells: 4 memorised, 5 levels left

rFire  . . .     SeeInvis .     s - +1 dagger (drain)
rCold  . . .     Gourm    .     a - +0 robe
rNeg   . . .     Faith    .     (no shield)
rPois  .         Spirit   .     p - +0 helmet
rElec  .         Dismiss  .     (no cloak)
rCorr  .         Reflect  .     g - +0 pair of gloves
SustAt .         Harm     .     (no boots)
MR     .....                    (no amulet)
Stlth  ++........               (no ring)
                                (no ring)

@: very slightly contaminated, not resistant to hostile enchantments, unstealthy
A: no striking features
a: no special abilities


You were on level 3 of the Dungeon.
You were not hungry.

You visited 1 branch of the dungeon, and saw 3 of its levels.

You collected 167 gold pieces.

Inventory:

Hand Weapons
 e - a +0 dagger
 s - a +1 dagger of draining (weapon)
Armour
 a - a +0 robe (worn)
 g - a +0 pair of gloves (worn)
 p - a +0 helmet (worn)
Jewellery
 w - a cursed amulet of inaccuracy {unknown}
Scrolls
 b - a scroll of noise {unknown}
 f - 4 scrolls of enchant armour {unknown}
 j - 2 scrolls of random uselessness {unknown}
 k - 3 scrolls of teleportation {unknown}
 l - 2 scrolls of identify {unknown}
 n - a scroll of amnesia {unknown}
 o - 3 scrolls of remove curse {unknown}
 r - 3 scrolls of immolation {unknown}
 u - 2 scrolls of recharging {unknown}
 v - a scroll of magic mapping {unknown}
Potions
 h - 2 potions of curing
 q - a potion of flight {unknown}
 t - a potion of brilliance {unknown}
Books
 c - a book of Minor Magic

   Spells                             Type                      Level
   a - Magic Dart                     Conjuration                  1
   b - Blink                          Translocation                2
   c - Call Imp                       Summoning                    2
   d - Repel Missiles                 Charms/Air                   2
   e - Slow                           Hexes                        2
   f - Conjure Flame                  Conjuration/Fire             3
   g - Mephitic Cloud                 Conjuration/Poison/Air       3
Comestibles
 d - 3 bread rations
 i - a beef jerky
 m - a meat ration
 x - 2 chunks of flesh


   Skills:
 + Level 0.4 Fighting
 - Level 2.1 Dodging
 - Level 2.1 Stealth
 - Level 5.2 Spellcasting
 + Level 4.1 Conjurations
 - Level 2.5 Summonings
   Level 1.1 Translocations


You had 5 spell levels left.
You knew the following spells:

 Your Spells              Type           Power        Failure   Level  Hunger
a - Magic Dart            Conj           ###.         1%          1    None
b - Call Imp              Summ           ###.....     8%          2    None
c - Conjure Flame         Conj/Fire      ##......     14%         3    ##.....
d - Mephitic Cloud        Conj/Pois/Air  ##......     17%         3    ##.....


Dungeon Overview and Level Annotations

Branches:
Dungeon (3/15)

Altars:
Vehumet


Message History

A puff of flame appears from out of thin air!
The puff of flame hits you!
You barely miss something. Something hits you but does no damage.
You miss something.
You hear some strange, mumbled words.
A puff of flame appears from out of thin air!
The puff of flame hits you!
You hit something but do no damage. Something hits you.
You miss something.
You hear some strange, mumbled words.
You hit something.
You hear some strange, mumbled words.
A puff of flame appears from out of thin air!
The puff of flame hits you!
* * * LOW HITPOINT WARNING * * *
Something hits you but does no damage.
You hear some strange, mumbled words.
A puff of frost appears from out of thin air!
The puff of frost hits you!
You die...

...........# +.' #......# #..
..)†.......## #.# ##......###..
..)..).#.o..###.#.###..######....
.........##.....#.....######..##.
.#........#.#..###.#..#......#...
.#...###.)...........<..#####..##
.(........().#5...#..######...##
.........###....{....#........###
5.....##.<......@......######....
...#............(.>..#..#########
...............###..###........##
..##..##.......########........#.
......##........>..............#)
..>...##############..#........#)
.......# #..........#. .......##
#........#. ........##
#####........#)


You could see a crimson imp.

Vanquished Creatures
  An orc wizard (D:3)
  An adder (D:2)
  2 gnolls (D:3)
  2 worms (D:3)
  2 dart slugs (D:2)
  3 giant geckos
  7 orcs
  4 giant cockroaches
  9 goblins
  5 hobgoblins
  9 jackals
  2 quokkas
  8 bats
  5 giant newts
  10 kobolds
  9 rats
79 creatures vanquished.

Vanquished Creatures (collateral kills)
  Sigmund (D:3)
  A gnoll (D:3)
  An orc (D:3)
  A kobold (D:3)
4 creatures vanquished.

Grand Total: 83 creatures vanquished

Notes
Turn   | Place    | Note
--------------------------------------------------------------
     0 | D:1      | Delvonshi the High Elf Wizard began the quest for the Orb.
     0 | D:1      | Reached XP level 1. HP: 11/11 MP: 6/6
   438 | D:1      | Reached skill level 4 in Spellcasting
   440 | D:1      | Reached XP level 2. HP: 17/17 MP: 0/8
   686 | D:1      | Learned a level 2 spell: Call Imp
   759 | D:1      | Reached skill level 1 in Summonings
  1122 | D:2      | Reached XP level 3. HP: 21/21 MP: 2/9
  1940 | D:2      | Learned a level 3 spell: Conjure Flame
  1944 | D:2      | Learned a level 3 spell: Mephitic Cloud
  2169 | D:2      | Reached XP level 4. HP: 27/27 MP: 6/11
  3007 | D:3      | Found a radiant altar of Vehumet.
  3441 | D:3      | Noticed Sigmund
  3475 | D:3      | Killed Sigmund
  3475 | D:3      | Reached skill level 5 in Spellcasting
  3475 | D:3      | Reached XP level 5. HP: 30/31 MP: 6/13
  4112 | D:3      | Killed from afar by an orc wizard

Vault maps used:
D:1:      dpeg_arrival_brainrot, kennysheep_decorative_pillar, st_stairs_4
D:2:      first_bread
D:3:      vehumet_crystals, nemelex_dance_club_becter, uniq_sigmund

Skill      XL: |  1  2  3  4  5 |
---------------+----------------+-----
Spellcasting   | 4 5 |  5.2
Conjurations   | 2 3 4 |  4.1
Summonings     | 1 2 |  2.5
Fighting       | |  0.4
Dodging        | |  2.1
Stealth        | |  2.1
Translocations | |  1.1

Action                   |  1- 3 |  4- 6 || total
-------------------------+-------+-------++-------
Melee: Unarmed           |    14 |       ||    14
       Dagger            |    34 |    52 ||    86
 Cast: Magic Dart        |   100 |    97 ||   197
       Call Imp          |       |    14 ||    14
       Mephitic Cloud    |       |     1 ||     1
  Eat: Chunk             |     4 |     6 ||    10
Armor: Robe              |    15 |    25 ||    40
Dodge: Dodged            |    54 |    63 ||   117
